 Dungeon Crawl Stone Soup version 0.29.1-13-g9f3cf754e1 (webtiles) character file.

Game seed: 8853233597159658675

6778 Nursessee the Thaumaturge (level 10, -7/82 HPs)
             Began as a Grey Draconian Venom Mage on Jan 20, 2023.
             Was an Elder of Dithmenos.
             Mangled by a komodo dragon (25 damage)
             ... on level 8 of the Dungeon on Jan 31, 2023.
             The game lasted 02:15:31 (18889 turns).

Nursessee the Thaumaturge (DrVM)                   Turns: 18889, Time: 02:15:32

Health: -7/82      AC: 17    Str: 17    XL:     10   Next: 76%
Magic:  19/23      EV: 13    Int: 19    God:    Dithmenos [****..]
Gold:   522        SH:  0    Dex: 18    Spells: 15/28 levels left

rFire   . . .      SeeInvis .   w - +2 mace (protect)
rCold   . . .      Faith    .   (no shield)
rNeg    . . .      Spirit   .   (body armour unavailable)
rPois   .          Reflect  .   (helmet restricted)
rElec   .          Harm     .   x - +0 cloak
rCorr   .          Rampage  .   J - +2 pair of gloves
Will    .....                   A - +0 pair of boots
Stlth   ++++......              (no amulet)
HPRegen 0.23/turn               c - +6 ring of dexterity
MPRegen 0.18/turn               a - +6 ring of strength

@: about to teleport, wreathed by umbra
A: AC +12, amphibious, unfitting armour, cold-blooded
a: Renounce Religion, Shadow Step


You were on level 8 of the Dungeon.
You worshipped Dithmenos.
Dithmenos was greatly pleased with you.
You visited 3 branches of the dungeon, and saw 11 of its levels.

You collected 522 gold pieces.

Inventory:

Hand Weapons
 p - a +0 vampiric dagger
 w - a +2 mace of protection (weapon)
 H - a +0 short sword of draining
 T - a +1 morningstar of flaming
Missiles
 h - 61 stones
 j - 5 datura-tipped darts
 n - 24 poisoned darts
 r - 9 curare-tipped darts
 K - 5 javelins
Armour
 t - a +3 leather armour of fire resistance
 x - a +0 cloak (worn)
 A - a +0 pair of boots (worn)
 F - a +2 robe of cold resistance
 I - a +1 ring mail of cold resistance
 J - a +2 pair of gloves (worn)
 Q - a +0 kite shield
Jewellery
 a - a +6 ring of strength (right hand)
 c - a +6 ring of dexterity (left hand)
 i - a ring of willpower
Wands
 z - a wand of flame (9)
 D - a wand of polymorph (13)
 E - a wand of paralysis (8)
Scrolls
 f - 3 scrolls of amnesia
 k - a scroll of fear {unknown}
 l - 4 scrolls of teleportation
 m - 2 scrolls of enchant weapon {unknown}
 o - 2 scrolls of noise {unknown}
 u - a scroll of enchant armour {unknown}
 v - a scroll of silence {unknown}
 y - a scroll of summoning {unknown}
 C - a scroll of butterflies {unknown}
 L - a scroll of immolation {unknown}
 M - 2 scrolls of magic mapping {unknown}
 N - a scroll of vulnerability {unknown}
 O - a scroll of poison {unknown}
 R - 2 scrolls of identify
Potions
 b - 2 potions of mutation {unknown}
 d - 3 potions of flight
 e - 3 potions of attraction
 g - 2 potions of lignification
 q - a potion of haste
 s - 3 potions of might {unknown}
 B - a potion of cancellation {unknown}
 G - a potion of ambrosia {unknown}
 P - a potion of resistance {unknown}
 S - a potion of curing


   Skills:
 * Level 5.6 Fighting
 + Level 3.7 Maces & Flails
 + Level 3.2 Dodging
 + Level 3.5 Stealth
 + Level 0.2 Unarmed Combat
 * Level 9.8 Spellcasting
 + Level 3.9 Transmutations
 + Level 2.0 Fire Magic
 + Level 2.9 Air Magic
 + Level 8.7 Poison Magic
 + Level 0.6 Evocations


You had 15 spell levels left.
You knew the following spells:

 Your Spells              Type           Power      Damage    Failure   Level
a - Sting                 Tmut/Pois      100%       1d8       1%          1
b - Poisonous Vapours     Pois/Air       62%        N/A       1%          2
c - Olgreb's Toxic Radia  Pois           42%        N/A       1%          4
d - Ignite Poison         Fire/Tmut/Pois 27%        N/A       3%          3
e - Mephitic Cloud        Conj/Pois/Air  24%        N/A       4%          3

Your spell library contained the following spells:

 Spells                   Type           Power      Damage    Failure   Level
 Apportation              Tloc           18%        N/A       8%          1
 Magic Dart               Conj           36%        1d4       8%          1
 Necrotise                Necr           36%        1d5       8%          1
 Summon Small Mammal      Summ           36%        N/A       8%          1
 Searing Ray              Conj           18%        2d5       11%         2
 Conjure Flame            Conj/Fire      13%        6-21      14%         3
 Alistair's Intoxication  Tmut/Pois      22%        N/A       16%         5
 Call Canine Familiar     Summ           9%         N/A       22%         3
 Portal Projectile        Hex/Tloc       18%        N/A       22%         3
 Vampiric Draining        Necr           9%         2d6       22%         3
 Sticky Flame             Conj/Fire      13%        2d4       43%         4
 Fulminant Prism          Conj/Hex       4%         3d6       58%         4
 Leda's Liquefaction      Hex/Erth       4%         N/A       58%         4
 Agony                    Necr           9%         N/A       91%         5


Dungeon Overview and Level Annotations

Branches:
Dungeon (9/15)             Temple (1/1) D:5            Lair (1/5) D:8
    Orc: D:9-12

Altars:
Ashenzari
Cheibriados
Dithmenos
Elyvilon
Gozag
Hepliaklqana
Kikubaaqudgha
Makhleb
Nemelex Xobeh
Okawaru
Qazlal
Ru
Trog
Vehumet
Wu Jian
Xom
Yredelemnul
Zin
The Shining One

Shops:
D:1 [   D:2 =   D:5 =   D:8 *   D:9 **


Innate Abilities, Weirdness & Mutations

Your dull iron-grey scales are very hard. (AC +12)
You are amphibious.
You cannot fit into any form of body armour.
You are cold-blooded and may be slowed by cold attacks.


Message History

Aim: a komodo dragon (asleep, umbra, 100% to hit)
The sting hits the komodo dragon.
The komodo dragon is poisoned.
The komodo dragon is lightly wounded.
The komodo dragon hisses angrily.
Aiming: Sting (safe; 1% risk of failure)
Press: ? - help, Q - select action, (/) - cycle Shift-Dir - straight line, f/p - komodo dragon
Aim: a komodo dragon (lightly wounded, poisoned, umbra, 84% to hit)
The sting hits the komodo dragon.
The komodo dragon looks even sicker.
The komodo dragon is lightly wounded.
Unknown command.
Casting: Ignite Poison (mildly dangerous; 3% risk of failure)
Press: ? - help, Q - select action, (/) - cycle Dir - look around, f - activate You ignite the poison in your surroundings!
The komodo dragon seems to burn from within!!
The komodo dragon is severely wounded.
The komodo dragon bites you.
Aiming: Sting (safe; 1% risk of failure)
Press: ? - help, Q - select action, (/) - cycle Shift-Dir - straight line, f - komodo dragon
Aim: a komodo dragon (severely wounded, umbra, 84% to hit)
The sting misses the komodo dragon.
The komodo dragon bites you!!
Unknown command.
The komodo dragon bites you!
You hit the komodo dragon.
Your weapon exudes an aura of protection.
The komodo dragon is severely wounded.
The komodo dragon bites you! The komodo dragon barely misses you.
There is a staircase back to the Dungeon, spattered with blood here.
The komodo dragon bites you but does no damage.
You climb upwards.
Welcome back to the Dungeon!
There is a staircase to the Lair here.
As you read the scroll of teleportation, it crumbles to dust.
You feel strangely unstable. The komodo dragon closely misses you.
The komodo dragon attacks as you move away!
The komodo dragon bites you!
* * * LOW HITPOINT WARNING * * *
The komodo dragon attacks as you move away!
The komodo dragon bites you!!
You die...

.................###.......##
.................##.......##
....................###.###
.....................##.#
.#......................#
...#.....#...♣..........##
.####).##................#
###.......##..♣.........♣##
..#[.<..###.....@P........#
..).###.# #......l.[.....P#
....# #.###.......>...♣...#
)...# #.#...........P.....#
....###.#.#...............#
##............♣..........##
##..###..#.#.............#
##..........#............#
##..........##.........#.#


You could see a komodo dragon.

Vanquished Creatures
  Maggie (D:8)
  10 yaks
  5 wyverns
  A basilisk (D:8)
  Eustachio (D:4)
  3 water moccasins (D:8)
  Duvessa (D:4)
  2 black bears
  2 ice beasts
  2 orc warriors
  A sky beast (D:7)
  2 centaurs
  A kobold brigand (D:7)
  6 bullfrogs
  4 necrophages
  3 gnoll sergeants
  3 scorpions
  4 wights (D:8)
  Dowan (D:4)
  11 killer bees
  2 howler monkeys (D:8)
  2 jellies
  7 orc priests
  A gnoll bouda (D:8)
  3 hounds
  Jessica (D:2)
  6 iguanas
  Terence (D:2)
  2 orc wizards
  A mummy (D:6)
  21 gnolls
  4 adders
  A shadow imp (D:3)
  A white imp (D:8)
  2 ufetubi (D:5)
  A worm (D:2)
  2 dart slugs
  25 orcs
  13 bats
  14 endoplasms
  5 giant cockroaches
  3 goblins (D:1)
  2 hobgoblins
  6 jackals
  2 quokkas
  5 ball pythons
  3 frilled lizards
  9 kobolds
  7 rats
216 creatures vanquished.

Vanquished Creatures (others)
  A bush (D:8)
  9 fungi
  23 plants (D:8)
33 creatures vanquished.

Grand Total: 249 creatures vanquished

Notes
Turn   | Place    | Note
-------+----------+-------------------------------------------
     0 | D:1      | Nursessee the Draconian Venom Mage began the quest for the
                  | Orb.
     0 | D:1      | Reached XP level 1. HP: 14/14 MP: 3/3
   260 | D:1      | Reached XP level 2. HP: 19/20 MP: 0/5
   278 | D:1      | Learned a level 2 spell: Poisonous Vapours
   372 | D:1      | Found a faded altar of an unknown god.
   628 | D:1      | Prayed at the altar of an unknown god.
   628 | D:1      | Became a worshipper of Dithmenos the Shadowed
   628 | D:1      | Reached * piety under Dithmenos
  1809 | D:1      | Reached XP level 3. HP: 26/26 MP: 4/6
  1843 | D:1      | Found Lorhuuf's Armour Shoppe.
  2077 | D:2      | Noticed Jessica
  2085 | D:2      | Killed Jessica
  2451 | D:2      | Reached XP level 4. HP: 31/33 MP: 3/7
  2692 | D:2      | Learned a level 4 spell: Olgreb's Toxic Radiance
  2779 | D:2      | Found Gelockipe's Jewellery Boutique.
  3097 | D:2      | Noticed Terence
  3158 | D:2      | Killed Terence
  3158 | D:2      | Reached ** piety under Dithmenos
  3931 | D:3      | Reached XP level 5. HP: 14/38 MP: 4/9
  4764 | D:3      | Reached skill level 3 in Spellcasting
  5026 | D:3      | Found an opulent altar of Gozag.
  6218 | D:4      | Reached XP level 6. HP: 45/45 MP: 7/10
  6273 | D:4      | Reached skill level 5 in Poison Magic
  7248 | D:4      | Noticed Eustachio
  7530 | D:4      | Killed Eustachio
  7531 | D:4      | Reached skill level 1 in Air Magic
  7698 | D:4      | Noticed Duvessa
  7785 | D:4      | Noticed Dowan
  7813 | D:4      | Killed Duvessa
  7814 | D:4      | Reached skill level 4 in Spellcasting
  7814 | D:4      | Your scales start taking on a dull iron-grey colour.
  7814 | D:4      | Reached XP level 7. HP: 25/50 MP: 8/13
  8237 | D:4      | Killed Dowan
  8588 | D:5      | Entered Level 5 of the Dungeon
  8613 | D:5      | Reached skill level 1 in Air Magic
  8911 | D:5      | Reached skill level 1 in Fighting
  9070 | D:5      | Reached skill level 5 in Spellcasting
  9348 | D:5      | Found an ancient bone altar of Kikubaaqudgha.
  9349 | D:5      | Found an iron altar of Okawaru.
  9541 | D:5      | Found Afoorch's Jewellery Emporium.
  9593 | D:5      | Reached XP level 8. HP: 58/61 MP: 11/15
  9686 | D:5      | Reached skill level 1 in Maces & Flails
  9745 | D:5      | Reached *** piety under Dithmenos
  9896 | D:5      | Found a staircase to the Ecumenical Temple.
 10063 | Temple   | Entered the Ecumenical Temple
 10440 | D:5      | Found a stormy altar of Qazlal.
 11406 | D:6      | Found a snail-covered altar of Cheibriados.
 11591 | D:6      | Reached skill level 6 in Spellcasting
 11625 | D:6      | You fall into a shaft and drop 3 floors!
 11626 | D:9      | Noticed a gargoyle
 11677 | D:9      | Reached skill level 7 in Spellcasting
 11677 | D:9      | Reached XP level 9. HP: 27/69 MP: 3/19
 11854 | D:9      | Found Fyschexo's General Store.
 11928 | D:9      | Found Coej's Specific Store.
 11967 | D:8      | Found a shimmering altar of Xom.
 12928 | D:7      | Reached skill level 8 in Spellcasting
 13013 | D:7      | Reached **** piety under Dithmenos
 13572 | D:7      | Learned a level 3 spell: Ignite Poison
 13576 | D:7      | Learned a level 3 spell: Mephitic Cloud
 13626 | D:7      | Found a sacrificial altar of Ru.
 15200 | D:6      | Reached XP level 10. HP: 63/80 MP: 17/22
 16167 | D:8      | Reached skill level 5 in Fighting
 16259 | D:8      | Found a basalt altar of Yredelemnul.
 16412 | D:8      | Reached skill level 1 in Fire Magic
 16488 | D:8      | Reached skill level 9 in Spellcasting
 17656 | D:8      | Noticed Maggie
 17660 | D:8      | Killed Maggie
 18013 | D:8      | Found Iaats's Incredible Inventory.
 18242 | D:8      | Found a staircase to the Lair.
 18876 | Lair:1   | Entered Level 1 of the Lair of Beasts
 18889 | D:8      | Mangled by a komodo dragon

Illustrated notes

Levels and vault maps discovered:
D:1:      dpeg_arrival_boxorama, layout_basic, serial_shops,
          nicolae_lakefront_shop, hellmonk_ecumenical_altar_pennies_from_heaven,
          minmay_split_cup_large
D:2:      layout_basic, serial_glass, glass_columns_c, glass_columns_b,
          serial_shops, nicolae_shop_window_shopping,
          chequers_serial_rivers_small_3, uniq_jessica, uniq_terence
D:3:      minmay_inner_zag, layout_basic, nicolae_gozag_seed_capital,
          kennysheep_generic_room_7
D:4:      wander_river, layout_loops_corners, uniq_eustachio, uniq_duvessa
D:5:      layout_basic, grunt_qazlal_clouds, nicolae_overflow_two_pavilions,
          minmay_temple_entry_large_hall, serial_shops, shop_coins,
          minmay_splitting_lines, dreamdust_princess_bridge
D:6:      layout_loops_ring, slow_altar_2, serial_aquarium,
          aquarium_bridge_square [aquarium_subvault_window,
          aquarium_subvault_window, aquarium_subvault_wall,
          aquarium_subvault_bridge], aquarium_bridge_square
          [aquarium_subvault_bridge, aquarium_subvault_bridge,
          aquarium_subvault_bridge, aquarium_subvault_wall], aquarium_window_1,
          aquarium_window_3, aquarium_view_2c, aquarium_pool_2
D:7:      layout_basic, hangedman_ru_absence
D:8:      layout_rooms, chequers_temple_overflow_statue_of_worship,
          minmay_lair_entry_grove, hex_tiny, nicolae_alphabet_shops, uniq_maggie
D:9:      layout_big_octagon, minivault_4, nrook_campfire,
          nicolae_specific_store, uniq_harold
Temple:   nicolae_temple_bog_church
Lair:1:   layout_gridlike, grunt_megastairs_2

Skill      XL: |  1  2  3  4  5  6  7  8  9 10 |
---------------+-------------------------------+-----
Dodging        | 2 3 |  3.2
Poison Magic   | 4 5 6 8 |  8.7
Stealth        | 2 3 |  3.5
Spellcasting   | 3 4 5 7 8 9 |  9.8
Transmutations | 2 3 |  3.9
Air Magic      | 0 1 2 |  2.9
Fighting       | 2 3 4 5 |  5.6
Maces & Flails | 2 3 |  3.7
Fire Magic     | 2 |  2.0
Unarmed Combat | |  0.2
Evocations     | |  0.6

Action                   |  1- 3 |  4- 6 |  7- 9 | 10-12 || total
-------------------------+-------+-------+-------+-------++-------
Melee: Unarmed           |     7 |       |       |       ||     7
       Club              |     7 |       |       |       ||     7
       Tailslap          |     2 |     1 |    33 |    10 ||    46
       Mace              |       |    28 |   163 |    57 ||   248
       Punch             |       |     1 |     1 |     2 ||     4
Throw: Dart              |       |     1 |       |       ||     1
 Cast: Sting             |    42 |   112 |    63 |    21 ||   238
       Poisonous Vapours |     9 |    23 |    54 |    20 ||   106
       Olgreb's Toxic Ra |       |     3 |    31 |    10 ||    44
       Ignite Poison     |       |       |     9 |    24 ||    33
       Mephitic Cloud    |       |       |     1 |     2 ||     3
Evoke: Wand              |       |     1 |     2 |    13 ||    16
  Use: Scroll            |     3 |     3 |     6 |     3 ||    15
       Potion            |     1 |     3 |     4 |       ||     8
 Stab: Sleeping          |       |     1 |     1 |       ||     2
       Distracted        |       |       |       |     1 ||     1
Armor: Skin              |    15 |    27 |   144 |    43 ||   229
Dodge: Dodged            |    33 |    48 |   187 |    66 ||   334
